 Dungeon Sprint DCSS version 0.31-a0-37-g98a128e1d9 (webtiles) character file.

Game seed: 7607646195681097380

17863 bmack86 the Executioner (level 12, -2/133 HPs)
             Began as a Minotaur Berserker on May 14, 2023.
             Was a High Priest of Trog.
             Killed by divine providence
             ... invoked by a daeva
              (16 damage)
             ... in the Dungeon (Sprint I: "Red Sonja").
             The game lasted 00:26:32 (3595 turns).

bmack86 the Executioner (Minotaur Berserker)        Turns: 3595, Time: 00:26:32

Health: -2/133     AC: 28    Str: 30    XL:     12   Next: 22%
Magic:  11/11      EV: 23    Int:  4    God:    Trog [*****.]
Gold:   1411       SH:  0    Dex:  6    Spells: 11/11 levels left

rFire   + . .        o - +4 battleaxe (flame)
rCold   + . .        (shield currently unavailable)
rNeg    . . .        q - +1 gold dragon scales
rPois   +            i - +1 hat {Will+}
rElec   .            d - +2 cloak {rCorr}
rCorr   +            (no gloves)
SInv    .            (no boots)
Will    +....        u - amulet "Miesom" {Acrobat Str+4 Dex-5} Stlth
                     (no ring)
HPRegen 0.42/turn    (no ring)
MPRegen 0.12/turn

%: no teleportation, acrobat
@: acrobatic, glowing
A: horns 2, retaliatory headbutt
a: Renounce Religion, Berserk, Trog's Hand, Brothers in Arms


You were in the Dungeon.
You worshipped Trog.
Trog was extremely pleased with you.
You visited 1 branch You collected 3205 gold pieces.
You spent 1794 gold pieces at shops.

Inventory:

Hand Weapons
 a - a +0 hand axe
 k - a +0 scythe
 l - a +2 broad axe of venom
 o - a +4 battleaxe of flaming (weapon)
 y - the +5 executioner's axe of Contention {heavy, rElec rN+ Stlth+}
   (Trog gifted it to you in the Dungeon)

   rElec:     It insulates you from electricity.
   rN:        It protects you from negative energy.
   Stlth:     It makes you more stealthy.
 A - a +6 antimagic hand axe
Missiles
 m - 5 curare-tipped darts
Armour
 b - a +0 animal skin
 d - a +2 cloak of preservation (worn)
 i - a +1 hat of willpower (worn)
 j - a +0 chain mail
 q - +1 gold dragon scales (worn)
 v - a +0 pair of gloves
Jewellery
 u - the amulet "Miesom" (around neck) {Acrobat Str+4 Dex-5}
   (You found it in the Dungeon)

   [amulet of the acrobat]

   It increases your evasion while moving and waiting.
   Str:       It affects your strength (+4).
   Dex:       It affects your dexterity (-5).
Wands
 p - a wand of flame (28) (quivered)
Scrolls
 h - 2 scrolls of blinking
 r - a scroll of poison
 w - a scroll of enchant weapon
 B - a scroll of identify
Potions
 c - 4 potions of curing
 e - a potion of haste
 f - 2 potions of magic
 g - a potion of berserk rage
 n - a potion of might
 s - a potion of mutation {unknown}
 t - a potion of resistance
 x - a potion of degeneration {unknown}
 z - a potion of cancellation {unknown}


   Skills:
 + Level 20.3 Fighting
 - Level 24.0 Axes
 + Level 20.1 Armour
 - Level 2.1 Dodging


You had 11 spell levels left.
You didn't know any spells.
Your spell library was empty.

Dungeon Overview and Level Annotations

Branches:
Dungeon (1/1)

Altars:
Cheibriados
Dithmenos
Elyvilon
Fedhas
Gozag
Hepliaklqana
Kikubaaqudgha
Makhleb
Nemelex Xobeh
Okawaru
Qazlal
Ru
Sif Muna
Trog
Uskayaw
Vehumet
Wu Jian
Xom
Yredelemnul
Zin
The Shining One
Jiyva
Lugonu

Shops:
D ?([!(*![*:?(!**[:

Annotations:
D Tiamat


Innate Abilities, Weirdness & Mutations

You have a pair of horns on your head.
You reflexively headbutt those who attack you in melee.


Message History

You see here 27 gold pieces.
The daeva calls down the wrath of the Shining One upon you.
The Shining One smites you!
You see here 27 gold pieces.
You see here 27 gold pieces.
You now have 1330 gold pieces (gained 27).
The daeva calls down the wrath of the Shining One upon you.
The Shining One smites you!
You see here 27 gold pieces.
You now have 1357 gold pieces (gained 27).
The daeva calls down the wrath of the Shining One upon you.
The Shining One smites you!
The daeva calls down the wrath of the Shining One upon you.
The Shining One smites you!
You see here 27 gold pieces.
You now have 1384 gold pieces (gained 27).
The daeva calls down the wrath of the Shining One upon you.
The Shining One smites you!
You see here a scroll of identify.
B - a scroll of identify The daeva calls down the wrath of the Shining One upon you.
The Shining One smites you!
The daeva calls down the wrath of the Shining One upon you.
The Shining One smites you!
* * * LOW HITPOINT WARNING * * *
You see here 27 gold pieces.
You now have 1411 gold pieces (gained 27).
You see here 27 gold pieces.
The daeva calls down the wrath of the Shining One upon you.
The Shining One smites you!
* * * LOW HITPOINT WARNING * * *
You see here 27 gold pieces.
You see here 27 gold pieces.
The daeva calls down the wrath of the Shining One upon you.
The Shining One smites you!
* * * LOW HITPOINT WARNING * * *
There is an open door here.
The daeva calls down the wrath of the Shining One upon you.
The Shining One smites you!
You die...

.'.§#.#|###§§.#######+#..)..#****
##.§+.#'#.###§#|(.##§†#.§§§§#,,,*
##+####...#y#§##...#)§##§§..#,∩,*
#.○○..#...###§§###.#..≈###'##,,,*
#.°)°.+.....##.#A#$#..≈.)#(#***+*
###°..#.....#).###$#..≈.##+#,,,,*
'.#.○.###++##.##..$#..≈##,,,,,,,,
#.#..###..###..#'###..≈#,,,,,,,,,
#.#.°####..###..@#,≈..##,,,,,,,,,
#.##'#..#..#.###.#M≈..#,,,,,,,,,,
#.##.#..°......#.###..#,,,,,,,,,,
.§####...°.○...#.#,+..#*,,,,,,,,,
#§#?.+....○○####'#,**'**,,,,,,,,,
#§#####...###....#,*~~~**,,,,,,,,
§§#(..#####...####^*~~~~**,,,,,,*
###......)).###,^,,*~~~~~********
#[......#####,,,,****~~~~*~~~~~*,


You could see a daeva.

Vanquished Creatures
  A fire giant (D)
  A lorocyproca (D)
  A deep elf annihilator (D)
  A hydra (D)
  2 centaur warriors (D)
  Sonja (D)
  A deep troll (D)
  A lindwurm (D)
  An oklob plant (D)
  2 merfolk sirens (D)
  2 demonic crawlers (D)
  2 kobold demonologists (D)
  A gargoyle (D)
  6 unseen horrors (D)
  4 hornets (D)
  A hellwing (D)
  Sigmund (D)
  A slime creature (D)
  A yak (D)
  13 hogs (D)
  2 redbacks (D)
  3 floating eyes (D)
  An ogre (D)
  5 necrophages (D)
  3 jellies (D)
  Ijyb (D)
59 creatures vanquished.

Vanquished Creatures (collateral kills)
  3 fire giants (D)
  2 demonic crawlers (D)
  An unseen horror (D)
  2 necrophages (D)
  5 jellies (D)
13 creatures vanquished.

Vanquished Creatures (others)
  A hornet (D)
  2 ballistomycete spores (D)
3 creatures vanquished.

Grand Total: 75 creatures vanquished

Notes
Turn   | Place    | Note
-------+----------+-------------------------------------------
     0 | D        | bmack86 the Minotaur Berserker began the quest for the Orb.
     0 | D        | Reached XP level 1. HP: 19/19 MP: 0/0
     2 | D        | Noticed Ijyb
     8 | D        | Killed Ijyb
     9 | D        | Reached skill level 5 in Fighting
     9 | D        | Reached skill level 6 in Axes
     9 | D        | Reached XP level 2. HP: 29/29 MP: 1/1
    59 | D        | Noticed an ogre
    63 | D        | Killed an ogre
    64 | D        | Reached skill level 8 in Axes
    64 | D        | Reached skill level 5 in Armour
    64 | D        | Reached XP level 3. HP: 12/38 MP: 2/2
    64 | D        | Reached XP level 4. HP: 14/45 MP: 3/3
   185 | D        | Noticed Sigmund
   195 | D        | Killed Sigmund
   195 | D        | Reached ** piety under Trog
   196 | D        | Reached skill level 11 in Axes
   196 | D        | Reached XP level 5. HP: 55/55 MP: 4/4
   196 | D        | Reached XP level 6. HP: 62/62 MP: 5/5
   230 | D        | Found a burning altar of Makhleb.
   230 | D        | Found a viscous altar of Jiyva.
   230 | D        | Found a shimmering altar of Xom.
   230 | D        | Found a corrupted altar of Lugonu.
   230 | D        | Noticed a slime creature
   233 | D        | Killed a slime creature
   234 | D        | Reached skill level 12 in Axes
   287 | D        | Found an ornate altar of the Wu Jian Council.
   287 | D        | Found a shimmering blue altar of Sif Muna.
   289 | D        | Found a radiant altar of Vehumet.
   322 | D        | Found Leqia's Antique Weapon Emporium.
   322 | D        | Found an ancient bone altar of Kikubaaqudgha.
   322 | D        | Found a hazy altar of Hepliaklqana.
   322 | D        | Found a stormy altar of Qazlal.
   322 | D        | Found a hide-covered altar of Uskayaw.
   322 | D        | Found a blossoming altar of Fedhas.
   322 | D        | Found a bloodstained altar of Trog.
   322 | D        | Found an iron altar of Okawaru.
   322 | D        | Found a basalt altar of Yredelemnul.
   322 | D        | Found a glowing golden altar of the Shining One.
   322 | D        | Found a snail-covered altar of Cheibriados.
   322 | D        | Found a sacrificial altar of Ru.
   322 | D        | Found a glowing silver altar of Zin.
   322 | D        | Found a shadowy altar of Dithmenos.
   322 | D        | Found a white marble altar of Elyvilon.
   322 | D        | Noticed a yak
   329 | D        | Killed a yak
   330 | D        | Reached skill level 10 in Fighting
   330 | D        | Reached skill level 13 in Axes
   330 | D        | Reached XP level 7. HP: 67/72 MP: 6/6
   330 | D        | Found an opulent altar of Gozag.
   331 | D        | Found a sparkling altar of Nemelex Xobeh.
   335 | D        | Bought a runed broad axe for 196 gold pieces
   357 | D        | Noticed Sonja
   361 | D        | Killed Sonja
   361 | D        | Reached *** piety under Trog
   362 | D        | Reached skill level 15 in Axes
   362 | D        | Reached XP level 8. HP: 51/82 MP: 7/7
   380 | D        | Found Nam Koph's Magic Scroll Boutique.
   444 | D        | Noticed a deep troll
   447 | D        | Killed a deep troll
   448 | D        | Reached skill level 16 in Axes
   457 | D        | Found Hohox's Armour Emporium.
   496 | D        | Bought a scroll of identify for 28 gold pieces
   636 | D        | Noticed a centaur warrior
   636 | D        | Noticed a centaur warrior
   641 | D        | Killed a centaur warrior
   642 | D        | Reached skill level 17 in Axes
   642 | D        | Reached XP level 9. HP: 12/92 MP: 8/8
   645 | D        | Killed a centaur warrior
   646 | D        | Reached skill level 18 in Axes
   901 | D        | Reached **** piety under Trog
   958 | D        | Noticed an oklob plant
   962 | D        | Killed an oklob plant
   963 | D        | Reached skill level 19 in Axes
  1225 | D        | Reached XP level 10. HP: 104/104 MP: 9/9
  1225 | D        | Reached ***** piety under Trog
  1242 | D        | Reached skill level 20 in Axes
  1254 | D        | Received a gift from Trog
  1255 | D        | Reached skill level 15 in Fighting
  1271 | D        | Identified the amulet "Miesom" {Acrobat Str+4 Dex-5}
  1280 | D        | Found Rianets's Distillery.
  1280 | D        | Found Seruis Riuwn's Armour Shop.
  1280 | D        | Found Karpho's Antique Weapon Boutique.
  1282 | D        | Found Ekhloged's Assorted Antiques.
  1282 | D        | Found Etuuhah's Distillery.
  1282 | D        | Found Wihiw's Armour Shoppe.
  1282 | D        | Found Ziod Yco's Assorted Antiques.
  1282 | D        | Found Ylofoan's Book Emporium.
  1282 | D        | Found Ericicef's Magic Scroll Shop.
  1282 | D        | Found Lelown's Antique Weapon Shoppe.
  1286 | D        | Found Habb's Distillery.
  1287 | D        | Bought a scroll labelled JEUSAX VUBOINU for 32 gold pieces
  1287 | D        | Bought a glowing yellow potion for 28 gold pieces
  1287 | D        | Found Veludid's Assorted Antiques.
  1287 | D        | Found Vifof's Assorted Antiques.
  1288 | D        | Found Nanubbig's Book Emporium.
  1290 | D        | Bought a scroll labelled EGAMEO FAUFELL for 20 gold pieces
  1290 | D        | Bought 2 scrolls labelled XANAUR BYOJ for 40 gold pieces
  1295 | D        | Bought a fuming clear potion for 23 gold pieces
  1295 | D        | Bought a grey potion for 23 gold pieces
  1296 | D        | Bought a scroll labelled XANAUR BYOJ for 28 gold pieces
  1354 | D        | Reached skill level 15 in Armour
  1365 | D        | Noticed a demonic crawler
  1365 | D        | Noticed a demonic crawler
  1365 | D        | Noticed a demonic crawler
  1365 | D        | Noticed a demonic crawler
  1366 | D        | Killed a demonic crawler
  1369 | D        | Killed a demonic crawler
  1370 | D        | Reached skill level 21 in Axes
  1371 | D        | Killed a demonic crawler
  1371 | D        | Received a gift from Trog
  1372 | D        | Killed a demonic crawler
  1391 | D        | Noticed a lindwurm
  1403 | D        | Killed a lindwurm
  1426 | D        | Identified the +5 executioner's axe of Contention {heavy,
                  | rElec rN+ Stlth+} (Trog gifted it to you in the Dungeon)
  1426 | D        | Received a gift from Trog
  1427 | D        | Reached skill level 22 in Axes
  1427 | D        | Reached XP level 11. HP: 80/114 MP: 10/10
  1437 | D        | Received a gift from Trog
  1604 | D        | Noticed a 12-headed hydra
  1607 | D        | Killed a ten-headed hydra
  1903 | D        | Bought +1 gold dragon scales for 957 gold pieces
  2127 | D        | Reached ****** piety under Trog
  2128 | D        | Reached skill level 23 in Axes
  2134 | D        | Noticed a deep elf annihilator
  2136 | D        | Received a gift from Trog
  2144 | D        | Noticed a mummy priest
  2153 | D        | HP: 5/117 [deep elf annihilator/iron shot (42)]
  2160 | D        | Killed a deep elf annihilator
  2425 | D        | Noticed a daeva
  2487 | D        | Bought a +2 cloak of preservation for 215 gold pieces
  2528 | D        | Bought a +1 hat of willpower for 176 gold pieces
  2554 | D        | Bought a scroll of identify for 28 gold pieces
  2643 | D        | Killed a lorocyproca
  2644 | D        | Reached skill level 24 in Axes
  3177 | D        | Identified the +3 broad axe of Discomfort {heavy, rPois
                  | Str-2 Stlth+} (Trog gifted it to you in the Dungeon)
  3177 | D        | Received a gift from Trog
  3430 | D        | Noticed a fire giant
  3431 | D        | Noticed a fire giant
  3432 | D        | Noticed a fire giant
  3434 | D        | Noticed a fire giant
  3435 | D        | Killed a fire giant
  3435 | D        | Received a gift from Trog
  3437 | D        | Killed a fire giant
  3438 | D        | Reached XP level 12. HP: 85/130 MP: 11/11
  3439 | D        | Killed a fire giant
  3444 | D        | Killed a fire giant
  3468 | D        | Found the +4 dragonskin cloak
  3468 | D        | Noticed Tiamat
  3595 | D        | Killed from afar by a daeva

Illustrated notes

Levels and vault maps discovered:
D:        dungeon_sprint_1 [red_sonja_temple_1, red_sonja_temple_small_1]

Skill      XL: |  1  2  3  4  5  6  7  8  9 10 11 12 |
---------------+-------------------------------------+-----
Fighting       | 5 6 8 10 11 12 14 16 19 20 | 20.3
Axes           | 6 8 11 13 15 17 19 22 24 | 24.0
Armour         | 4 5 7 9 11 12 14 16 19 20 | 20.1
Dodging        | |  2.1

Action                     |  1- 3 |  4- 6 |  7- 9 | 10-12 || total
---------------------------+-------+-------+-------+-------++-------
  Melee: Hand axe          |     8 |     8 |       |       ||    16
         Headbutt          |     1 |     1 |     2 |    16 ||    20
         Halberd           |       |    12 |       |       ||    12
         Broad axe         |       |       |    20 |    11 ||    31
         Punch             |       |       |     1 |       ||     1
         Battleaxe         |       |       |       |    64 ||    64
         Executioner's axe |       |       |       |     9 ||     9
 Invoke: Berserk           |     2 |     2 |     3 |     3 ||    10
         Brothers in Arms  |       |       |     1 |     4 ||     5
  Evoke: Wand              |       |       |     8 |     8 ||    16
    Use: Scroll            |       |       |     3 |     8 ||    11
         Potion            |       |       |       |     2 ||     2
 Armour: Chain mail        |       |     3 |    10 |    51 ||    64
         Gold dragon scale |       |       |       |    46 ||    46
  Dodge: Dodged            |     2 |     5 |     9 |    42 ||    58

Table legend: (Time is in decaauts)
 A = Elapsed time spent in this place.
 B = Non-inter-level travel time spent in this place.
 C = Inter-level travel time spent in this place.
 D = Time resting spent in this place.
 E = Time spent auto-exploring this place.
 F = Levels seen in this place.
 G = Mean time per level.
                   A        B        C        D        E       F      G
               +--------+--------+--------+--------+--------+-----+--------+
         Total |   3688 |   3567 |    121 |   2146 |      0 |   1 | 3688.0 |
       Dungeon |   3688 |   3567 |    121 |   2146 |      0 |   1 | 3688.0 |
               +--------+--------+--------+--------+--------+-----+--------+

Top non-repeatable levels by time:
       D: 3688 daAuts
